 Dungeon Sprint DCSS version 0.29.1-4-g47bece8355 (webtiles) character file.

Game seed: 33077856267179616

56 boopmooplesden the Cleaver (level 7, -12/78 HPs)
             Began as a Minotaur Berserker on Dec 7, 2022.
             Was a High Priest of Trog.
             Mangled by a tyrant leech (26 damage)
             ... in the Dungeon (Sprint VI: "Thunderdome").
             The game lasted 00:02:15 (429 turns).

boopmooplesden the Cleaver (Minotaur Berserker)      Turns: 429, Time: 00:02:16

Health: -12/78     AC:  3    Str: 24    XL:     7   Next: 66%
Magic:  6/6        EV: 15    Int: 11    God:    Trog [*****.]
Gold:   91         SH:  0    Dex: 16    Spells: 6/6 levels left

rFire   . . .      SeeInvis .   a - +0 hand axe
rCold   . . .      Faith    .   (no shield)
rNeg    + . .      Spirit   .   b - +0 animal skin
rPois   .          Reflect  .   (helmet restricted)
rElec   .          Harm     .   p - +0 cloak
rCorr   .          Rampage  .   (no gloves)
Will    +....      NoTele   +   (no boots)
Stlth   +.........              o - amulet "Limpy" {*Corrode rN+ Regen+ Int+2 Dex+4}
HPRegen 1.03/turn               n - ring of Insomnia {Fly Int+5 Dex-2}
MPRegen 0.10/turn               m - ring "Kixtuph" {Will+ Dex+5}

@: on berserk cooldown, flying, slowed, very slow
A: horns 2, retaliatory headbutt
a: Renounce Religion, Berserk, Trog's Hand, Brothers in Arms


You were in the Dungeon.
You worshipped Trog.
Trog was extremely pleased with you.
You visited 1 branch You collected 280 gold pieces.
You spent 189 gold pieces at shops.

Inventory:

Hand Weapons
 a - a +0 hand axe (weapon)
Armour
 b - a +0 animal skin (worn)
 p - a +0 cloak (worn)
Jewellery
 m - the ring "Kixtuph" (right hand) {Will+ Dex+5}
   (You bought it in a shop in the Dungeon)

   [ring of willpower]

   Dex:       It affects your dexterity (+5).
   Will:      It increases your willpower.
 n - the ring of Insomnia (left hand) {Fly Int+5 Dex-2}
   (You bought it in a shop in the Dungeon)

   [ring of flight]

   Int:       It affects your intelligence (+5).
   Dex:       It affects your dexterity (-2).
   Fly:       It grants you flight.
 o - the amulet "Limpy" (around neck) {*Corrode rN+ Regen+ Int+2 Dex+4}
   (You bought it in a shop in the Dungeon)

   [amulet of regeneration]

   Int:       It affects your intelligence (+2).
   Dex:       It affects your dexterity (+4).
   rN:        It protects you from negative energy.
   Regen:     It increases your rate of health regeneration.
   *Corrode:  It may corrode you when you take damage.
Wands
 j - a wand of light (5)
 k - a wand of iceblast (5)
Scrolls
 h - 4 scrolls of blinking
 l - 3 scrolls of fog
Potions
 c - a potion of curing
 d - 4 potions of heal wounds
 e - 4 potions of haste
 f - 2 potions of magic
 g - a potion of berserk rage
 i - 2 potions of resistance


   Skills:
 + Level 12.4 Fighting
 + Level 13.8 Axes
 + Level 6.1 Armour
 + Level 6.9 Dodging


You had 6 spell levels left.
You didn't know any spells.
Your spell library was empty.

Dungeon Overview and Level Annotations

Branches:
Dungeon (1/1)

Altars:
Cheibriados
Dithmenos
Fedhas
Gozag
Kikubaaqudgha
Makhleb
Okawaru
Qazlal
Ru
Sif Muna
Trog
Uskayaw
Vehumet
Wu Jian
Xom
Yredelemnul
Zin
The Shining One
Lugonu

Shops:
D *[??*?*:[((!!!!


Innate Abilities, Weirdness & Mutations

You have a pair of horns on your head.
You reflexively headbutt those who attack you in melee.


Message History

You slash the bullfrog!
You kill the bullfrog!
Trog accepts your kill.
Trog will now gift you melee weapons as you gain piety.
A tyrant leech comes into view.
The tyrant leech misses you.
You're still recovering from your berserk rage.
You hit the tyrant leech.
The tyrant leech is lightly wounded.
The tyrant leech completely misses you.
You closely miss the tyrant leech.
The tyrant leech is lightly wounded.
The tyrant leech bites you!
The tyrant leech draws strength from your injuries!
You hit the tyrant leech.
The tyrant leech is lightly wounded.
You closely miss the tyrant leech. Your headbutt misses the tyrant leech.
The tyrant leech is lightly wounded.
The tyrant leech misses you.
You hit the tyrant leech.
The tyrant leech is lightly wounded.
The tyrant leech bites you!!
The tyrant leech draws strength from your injuries!
You barely miss the tyrant leech. You miss the tyrant leech.
The tyrant leech closely misses you.
You miss the tyrant leech.
You punch the tyrant leech, but do no damage.
The tyrant leech bites you!!
The tyrant leech draws strength from your injuries!
You hit the tyrant leech.
The tyrant leech is lightly wounded.
The tyrant leech bites you!
* * * LOW HITPOINT WARNING * * *
The tyrant leech draws strength from your injuries!
You miss the tyrant leech.
You're still recovering from your berserk rage.
You hit the tyrant leech.
The tyrant leech is lightly wounded.
The tyrant leech bites you!!
You die...

#_......._# ###.........###
#⌠...........⌠#
######.8.........8.######
##.__.......###......___∩##
###∩........8.# #.8........∩###
##.............###.............#
#⌠..........###...###..........⌠
#⌠........†.# #@<.# #..........⌠
#§..........###w..###..........⌠
##.............###.............#
###∩........8.# #.8........∩###
##∩.._......###......_._∩##
######.8.........8.######
#⌠.......†...⌠# ###.........###
#_......._#


You could see a tyrant leech.

Vanquished Creatures
  A bog body (D)
  A bullfrog (D)
  3 necrophages (D)
  4 jellies (D)
  2 adder skeletons (D)
  2 endoplasms (D)
  A giant cockroach zombie (D)
14 creatures vanquished.

Notes
Turn   | Place    | Note
-------+----------+-------------------------------------------
     0 | D        | boopmooplesden the Minotaur Berserker began the quest for
                  | the Orb.
     0 | D        | Reached XP level 1. HP: 19/19 MP: 0/0
     3 | D        | Found a corrupted altar of Lugonu.
     4 | D        | Found an ancient bone altar of Kikubaaqudgha.
     4 | D        | Found a shadowy altar of Dithmenos.
     5 | D        | Found a blossoming altar of Fedhas.
     5 | D        | Round 1.
     6 | D        | Found a bloodstained altar of Trog.
     6 | D        | Found Plog's Identification Station.
     7 | D        | Found Moabimm's Jewellery.
     7 | D        | Found Cyagg's Advanced Armour.
    15 | D        | Bought a twitching steel ring for 45 gold pieces
    15 | D        | Identified the ring "Kixtuph" {Will+ Dex+5} (You bought it
                  | in a shop in the Dungeon)
    15 | D        | Bought a warped jade ring for 45 gold pieces
    15 | D        | Identified the ring of Insomnia {Fly Int+5 Dex-2} (You
                  | bought it in a shop in the Dungeon)
    15 | D        | Bought a coiled zirconium amulet for 45 gold pieces
    15 | D        | Identified the amulet "Limpy" {*Corrode rN+ Regen+ Int+2
                  | Dex+4} (You bought it in a shop in the Dungeon)
    21 | D        | Noticed a jelly
    31 | D        | Found a stormy altar of Qazlal.
    33 | D        | Found a sacrificial altar of Ru.
    33 | D        | Found a basalt altar of Yredelemnul.
    34 | D        | Found Cycotuf's Premium Goods.
    35 | D        | Found Negikh's Miscellaneous Merchandise.
    35 | D        | Found Mipnibru's Basic Armour.
    36 | D        | Found a glowing silver altar of Zin.
    36 | D        | Found an iron altar of Okawaru.
    36 | D        | Found a shimmering blue altar of Sif Muna.
    36 | D        | Found Sinelius's Weapon Rack.
    40 | D        | Found a glowing golden altar of the Shining One.
    48 | D        | Reached skill level 4 in Axes
    50 | D        | Found a radiant altar of Vehumet.
    57 | D        | Found Ebeutut's Do-It-Yourself Clinic.
    66 | D        | Bought a +0 cloak for 54 gold pieces
    82 | D        | Noticed a jelly
    83 | D        | Found a snail-covered altar of Cheibriados.
    83 | D        | Found a hide-covered altar of Uskayaw.
    84 | D        | Found an opulent altar of Gozag.
    84 | D        | Found a burning altar of Makhleb.
    88 | D        | Killed a jelly
    88 | D        | Reached ** piety under Trog
    89 | D        | Reached skill level 5 in Fighting
    89 | D        | Reached skill level 6 in Axes
    89 | D        | Reached XP level 2. HP: 30/30 MP: 1/1
    89 | D        | Reached XP level 3. HP: 37/37 MP: 2/2
    98 | D        | Found a shimmering altar of Xom.
    98 | D        | Found an ornate altar of the Wu Jian Council.
    99 | D        | Found Nipras's Staff Store.
    99 | D        | Found Okyir's Magic Scroll Shop.
   100 | D        | Found Weithrount's Must-Have Magic.
   100 | D        | Found Huag's Magic Scroll Shop.
   122 | D        | Found Huof's Bottled Wisdom.
   122 | D        | Found Ygronuuk's Distillery.
   123 | D        | Found Noyczyu's Distillery.
   135 | D        | Reached skill level 7 in Axes
   135 | D        | Reached XP level 4. HP: 46/47 MP: 3/3
   144 | D        | Arena points: 14 (+14) [x2]
   145 | D        | Reached skill level 8 in Axes
   176 | D        | Round 2.
   184 | D        | Reached *** piety under Trog
   217 | D        | Noticed a necrophage
   227 | D        | Killed a necrophage
   228 | D        | Reached skill level 9 in Axes
   228 | D        | Reached XP level 5. HP: 32/56 MP: 4/4
   289 | D        | Reached skill level 10 in Axes
   289 | D        | Reached skill level 5 in Armour
   309 | D        | Reached **** piety under Trog
   310 | D        | Reached skill level 10 in Fighting
   310 | D        | Reached skill level 5 in Dodging
   310 | D        | Reached XP level 6. HP: 64/66 MP: 5/5
   325 | D        | Arena points: 56 (+42) [x3]
   369 | D        | Round 3.
   378 | D        | Noticed a bog body
   391 | D        | Killed a bog body
   392 | D        | Reached skill level 13 in Axes
   392 | D        | Reached XP level 7. HP: 55/77 MP: 6/6
   400 | D        | Reached ***** piety under Trog
   406 | D        | Noticed a tyrant leech
   429 | D        | Mangled by a tyrant leech

Illustrated notes

Levels and vault maps discovered:
D:        arena_sprint

Skill      XL: |  1  2  3  4  5  6 |
---------------+-------------------+-----
Fighting       | 5 7 8 10 12 | 12.4
Axes           | 6 7 9 10 13 | 13.8
Armour         | 3 4 5 6 |  6.1
Dodging        | 3 4 5 6 |  6.9

Action                   |  1- 3 |  4- 6 |  7- 9 || total
-------------------------+-------+-------+-------++-------
Melee: Hand axe          |    17 |    30 |    15 ||    62
       Headbutt          |     2 |     9 |       ||    11
       Punch             |       |       |     1 ||     1
Invok: Berserk           |     1 |     1 |       ||     2
Armor: Animal skin       |       |     3 |     1 ||     4
Dodge: Dodged            |     6 |     7 |     8 ||    21
